 Dungeon Crawl Stone Soup version 0.23-a0-175-g97aacdb (webtiles) character file.

125 chorionicmirror the Slasher (level 4, 0/49 HPs)
             Began as a Demonspawn Gladiator on Sept 17, 2018.
             Succumbed to Robin's poison
             ... on level 4 of the Dungeon.
             The game lasted 00:09:11 (2356 turns).

chorionicmirror the Slasher (Demonspawn Gladiator)  Turns: 2356, Time: 00:09:12

Health: 0/49       AC: 22    Str: 15 (16) XL:     4   Next: 82%
Magic:  4/4        EV:  2    Int: 14      God:
Gold:   175        SH:  0    Dex: 15 (16) Spells: 3/3 levels left

rFire    + . .     SeeInvis .   a - +1 long sword
rCold    + . .     Gourm    .   (no shield)
rNeg     + + +     Faith    .   (armour currently unavailable)
rPois    +         Spirit   .   (helmet currently unavailable)
rElec    +         Reflect  .   (cloak currently unavailable)
rCorr    +         Harm     .   (gloves currently unavailable)
MR       .....     NoTele   +   (boots currently unavailable)
Stlth    +++.......             (no amulet)
HPRegen  0.16/turn              (no ring)
MPRegen  0.09/turn              (no ring)

@: brilliant, lethally poisoned (0 -> -6), tree-form, resistant, hasted, very
quick
A: thin skeletal structure 1, deterioration 1, MP-powered wands
a: no special abilities


You were on level 4 of the Dungeon.
You were completely stuffed.
You were a tree.
You visited 1 branch of the dungeon, and saw 4 of its levels.

You collected 175 gold pieces.

Inventory:

Hand Weapons
 a - a +1 long sword (weapon)
Missiles
 d - 3 throwing nets (quivered)
Armour
 c - a +0 ring mail (melded)
 m - a +1 pair of gloves (melded)
Wands
 i - a wand of acid (4)
Scrolls
 k - a scroll of teleportation
 n - a scroll of enchant armour
Comestibles
 b - 3 chunks of flesh
 f - 3 rations


   Skills:
 + Level 2.1 Fighting
 * Level 4.5 Long Blades
 - Level 1.7 Throwing
 - Level 2.6 Dodging
 + Level 2.0 Stealth
 + Level 0.3 Evocations


You had 3 spell levels left.
You didn't know any spells.
Your spell library was empty.

Dungeon Overview and Level Annotations

Branches:
Dungeon (4/15)
 Temple: D:4-7

Altars:


Innate Abilities, Weirdness & Mutations

((You have a pair of small horns on your head.))
You have a somewhat thin skeletal structure. (Dex +2, Stealth)
Your body sometimes deteriorates upon taking damage.
You expend magic power (3 MP) to strengthen your wands.


Message History

* * * LOW HITPOINT WARNING * * *
You feel sick.
You eat one of the 5 rations.
That ration really hit the spot!
You eat one of the 4 rations.
That ration really hit the spot!
* * * LOW HITPOINT WARNING * * *
You feel sick.
Okay, then.
Unknown command.
* * * LOW HITPOINT WARNING * * *
You feel sick.
* * * LOW HITPOINT WARNING * * *
You feel sick.
* * * LOW HITPOINT WARNING * * *
You feel sick.
You aren't carrying any potions.
* * * LOW HITPOINT WARNING * * *
You feel sick.
* * * LOW HITPOINT WARNING * * *
You feel sick.
You die...

## ..#
##.###
##....
#....
######...#
.......)(#
# #.♣.#.#
#.†?).#
##<####
........#
#########


There were no monsters in sight!

Vanquished Creatures
  Robin (D:4)
  2 adders (D:3)
  5 worms
  A dart slug (D:2)
  2 leopard geckos
  2 orcs (D:3)
  2 giant cockroaches
  11 goblins
  11 hobgoblins
  7 jackals
  5 kobolds
  A quokka (D:3)
  6 bats
  13 frilled lizards
  3 rats
72 creatures vanquished.

Notes
Turn   | Place    | Note
-------+----------+-------------------------------------------
     0 | D:1      | chorionicmirror the Demonspawn Gladiator began the quest
                  | for the Orb.
     0 | D:1      | Reached XP level 1. HP: 16/16 MP: 1/1
    54 | D:1      | Reached skill level 3 in Long Blades
    90 | D:1      | Gained mutation: You have a somewhat thin skeletal
                  | structure. (Dex +2, Stealth) [demonic ancestry]
    90 | D:1      | Reached XP level 2. HP: 22/22 MP: 2/2
   387 | D:1      | HP: 1/22 [frilled lizard (1)]
   930 | D:2      | Gained mutation: You have a pair of small horns on your
                  | head. [demonic ancestry]
   930 | D:2      | Reached XP level 3. HP: 24/27 MP: 3/3
  1005 | D:2      | Reached skill level 1 in Stealth
  1503 | D:2      | Gained mutation: Armour fits poorly on your strangely
                  | shaped body. [potion of mutation]
  1503 | D:2      | Gained mutation: Your mind is acute. (Int +2) [potion of
                  | mutation]
  1632 | D:3      | Reached skill level 4 in Long Blades
  1643 | D:3      | HP: 1/27 [adder (3)]
  1647 | D:3      | Reached XP level 4. HP: 20/33 MP: 4/4
  2295 | D:3      | Lost mutation: Your mind is acute. (Int +2) [potion of
                  | mutation]
  2295 | D:3      | Lost mutation: Armour fits poorly on your strangely shaped
                  | body. [potion of mutation]
  2295 | D:3      | Gained mutation: Your body sometimes deteriorates upon
                  | taking damage. [potion of mutation]
  2295 | D:3      | Gained mutation: You expend magic power (3 MP) to
                  | strengthen your wands. [potion of mutation]
  2313 | D:4      | Noticed Robin
  2327 | D:4      | Killed Robin
  2350 | D:4      | HP: 2/49 [poisoned by Robin]
  2356 | D:4      | Succumbed to Robin's poison

Vault maps used:
D:1:      lightli_arrival_windingriver, minmay_lizard_king
D:3:      minmay_misc_feat_nine_boxes, skrybe_limestone_x
D:4:      minmay_temple_entry_poolview, gup_sewer_entry_pipe, serial_shops,
          kennysheep_mini, uniq_duvessa, uniq_edmund, uniq_robin

Skill      XL: |  1  2  3  4 |
---------------+-------------+-----
Long Blades    | 3 4 |  4.5
Stealth        | 1 2 |  2.0
Fighting       | |  2.1
Throwing       | |  1.7
Dodging        | |  2.6
Evocations     | |  0.3

Action                   |  1- 3 |  4- 6 || total
-------------------------+-------+-------++-------
Melee: Long sword        |   122 |    55 ||   177
       Headbutt          |     8 |    11 ||    19
  Use: Scroll            |     6 |     2 ||     8
       Potion            |     3 |     6 ||     9
 Stab: Sleeping          |     2 |     1 ||     3
       Distracted        |       |     1 ||     1
  Eat: Chunk             |     2 |     3 ||     5
       Ration            |       |     3 ||     3
Armor: Leather armour    |    28 |       ||    28
       Ring mail         |     7 |    23 ||    30
Dodge: Dodged            |    97 |    42 ||   139
       Rpst.: Long sword |    28 |    14 ||    42

Table legend:
 A = Non-vault XP
 B = Vault XP
 C = Vault XP percentage of total XP
 D = Non-vault monster count
 E = Vault monster count
 F = Vault count percentage of total count
                 A         B        C        D         E       F
            +---------+---------+-------+---------+---------+-------
      Total |     132 |      47 |  26.3 |      52 |      20 |  27.8
            +---------+---------+-------+---------+---------+-------
        D:1 |      21 |      10 |  32.3 |      13 |       8 |  38.1
        D:2 |      32 |       0 |   0.0 |      14 |       0 |   0.0
        D:3 |      79 |       0 |   0.0 |      25 |       0 |   0.0
        D:4 |       0 |      37 | 100.0 |       0 |      12 | 100.0
            +---------+---------+-------+---------+---------+-------
